Map: Lerilak Crest

Players

DestroyBoy - Winner!

  • Race: Terran Terran
  • League: Platinum

Angora

  • Race: Terran Terran
  • League: Master

VOD

Have the link to the VOD?

Description

Time

  • Played on: Aug. 17, 2015, 4:21 a.m.
  • Length: 33:58
Show
View Real Time Build Order
Export as new Build Order

DestroyBoy Terran - Winner!

Build Orders: 1/1/1, Bio Tank, MMM Bio, Banshee Rush 

Get SALT Encoding   

  12  0:01  SCV  
  13  0:13  SCV  
  14  0:22  Supply Depot  
  14  0:26  SCV  
  15  0:34  Refinery  
  15  0:43  SCV  
  15  0:45  Barracks  
  16  0:55  SCV  
  17  1:07  SCV  
  18  1:19  SCV  
  19  1:34  Marine  
  19  1:36  Factory, Orbital Command  
  20  1:40  Refinery  
  20  1:54  Marine  
  21  2:12  SCV  
  21  2:14  Marine  
  23  2:18  Supply Depot  
  23  2:25  Starport  
  23  2:27  Factory Tech Lab  
  23  2:28  SCV  
  23  2:40  Marine  
  23  2:41  SCV  
  23  2:42  Supply Depot  
  25  2:53  SCV  
  26  2:59  Marine  
  28  3:05  SCV  
  28  3:09  Cloaking Field  
  28  3:10  Banshee  
  28  3:12  Supply Depot  
  31  3:27  Command Center, SCV  
  31  3:33  Factory Reactor  
  32  3:39  Barracks  
  32  3:40  SCV  
  33  3:44  Barracks Tech Lab  
  33  3:52  SCV  
  34  3:56  Banshee  
  37  4:04  SCV  
  37  4:09  Stimpack, Marine  
  39  4:17  SCV, Barracks  
  39  4:19  Factory Reactor  
  40  4:28  Marine  
  41  4:33  SCV  
  42  4:52  SCV  
  43  4:53  Marine  
  43  4:54  Marine  
  43  4:58  Orbital Command  
  45  5:07  SCV  
  46  5:19  SCV  
  44  5:22  Marine x2  
  44  5:24  Marauder  
  48  5:31  Medivac  
  48  5:34  SCV x2  
  52  5:40  Marine  
  52  5:41  Marine x3  
  52  5:42  Factory Tech Lab  
  56  5:46  SCV  
  56  5:47  SCV  
  60  5:50  Marauder  
  60  5:54  Barracks  
  60  5:57  Command Center  
  60  5:58  SCV, Marine  
  60  5:59  Supply Depot, Refinery  
  60  6:00  Supply Depot  
  62  6:09  Barracks Reactor  
  62  6:10  Combat Shields  
  62  6:17  SCV x2, Marine  
  62  6:20  Marine  
  62  6:21  Marauder  
  65  6:29  SCV  
  65  6:30  SCV  
  67  6:35  Siege Tank, Marine  
  67  6:36  Medivac  
  67  6:38  Marine  
  74  6:41  SCV  
  74  6:42  SCV, Barracks  
  74  6:46  Supply Depot, Marine x2  
  77  6:48  Supply Depot  
  78  7:07  SCV x2, Marine x5  
  78  7:08  Supply Depot  
  85  7:11  Marine x2  
  85  7:12  Siege Tank, Medivac  
  85  7:14  Supply Depot  
  92  7:19  SCV  
  92  7:25  Marine x2  
  92  7:26  Marine x3  
  92  7:29  Marine  
  97  7:35  Marine  
  96  7:42  Engineering Bay, Medivac  
  96  7:43  Marine x2  
  96  7:44  Siege Tank, Engineering Bay  
  103  7:45  Barracks Reactor  
  103  7:47  Supply Depot  
  103  7:48  Supply Depot  
  102  8:05  SCV x2, Marine x5  
  105  8:06  Marine x2  
  105  8:12  Medivac  
  114  8:13  Planetary Fortress  
  114  8:16  Siege Tank  
  116  8:23  Marine x2  
  118  8:41  Marine x7  
  119  8:42  Medivac  
  119  8:48  Siege Tank  
  130  8:50  Marine x2  
  132  8:59  Marine x4  
  136  9:03  Marine x3  
  136  9:07  SCV x2  
  136  9:09  Refinery x2  
  141  9:12  Supply Depot  
  141  9:13  Supply Depot  
  141  9:14  SCV  
  141  9:15  Supply Depot, Marine  
  138  9:18  Supply Depot  
  138  9:19  SCV  
  138  9:22  Cyclone  
  78  9:53  SCV x3  
  78  9:54  Siege Tank  
  78  9:58  Terran Infantry Weapons Level 1, Terran Infantry Armor Level 1  
  76  10:01  Armory  
  76  10:05  SCV x3  
  79  10:08  Marine x9  
  79  10:09  Medivac  
  90  10:17  SCV x2, Refinery  
  90  10:18  SCV  
  93  10:22  Missile Turret  
  93  10:25  Marine  
  93  10:26  Siege Tank, Marine  
  94  10:36  Marine x7  
  94  10:39  Medivac  
  103  10:43  Marine  
  103  10:44  Marine  
  105  10:53  Marine  
  105  10:54  Marine x6  
  111  10:58  SCV x2, Siege Tank  
  111  11:01  Marine  
  117  11:09  Medivac  
  119  11:13  Marine, Terran Ship Weapons Level 1  
  119  11:14  Marine x6  
  119  11:16  Concussive Shells  
  119  11:18  Marine  
  127  11:30  Siege Tank  
  108  11:45  Marine x9  
  119  11:51  SCV x2  
  121  11:57  Command Center  
  121  12:02  Siege Tank  
  121  12:03  Marine x6  
  121  12:04  Terran Infantry Weapons Level 2  
  121  12:05  Terran Infantry Armor Level 2  
  132  12:09  Starport  
  132  12:13  Command Center  
  132  12:15  Barracks Reactor, Marine  
  129  12:17  Barracks, Medivac x2  
  129  12:20  Marine  
  129  12:21  Marine x2  
  136  12:24  Marine  
  136  12:25  Marine  
  136  12:26  Marine  
  139  12:32  Marine  
  139  12:33  Supply Depot  
  139  12:34  Supply Depot x2, Siege Tank  
  143  12:38  Marine x3  
  143  12:42  Marine  
  143  12:43  Marine x2  
  149  12:50  Marine  
  150  12:56  Marine x3  
  150  12:59  Sensor Tower  
  150  13:00  Marine  
  150  13:01  Marine x2  
  152  13:07  Siege Tank  
  152  13:08  Marine  
  156  13:19  Marine  
  155  13:20  Marine x7  
  155  13:23  Liberator  
  155  13:24  Terran Ship Weapons Level 2  
  155  13:26  Marine  
  156  13:37  Marine x3  
  156  13:39  Siege Tank, Marine x5  
  169  13:44  Marine  
  169  13:55  Marine x2  
  149  14:04  Marine x7  
  156  14:13  Marine x2  
  144  14:22  Liberator x2, Marine x4  
  141  14:38  Marine x5  
  130  14:39  Siege Tank, Marine  
  130  14:40  Marine x3  
  148  14:56  Marine  
  148  14:59  Planetary Fortress  
  148  15:00  Marine x4  
  152  15:32  Marine  
  152  15:33  Marine x8  
  152  15:34  Medivac x2  
  152  15:35  Medivac  
  167  15:36  Siege Tank  
  169  15:50  Marine  
  169  15:51  Marine x4  
  169  15:53  Marine  
  169  15:54  Marine x3  
  159  16:08  Marine x5, Siege Tank, Medivac x3  
  169  16:11  Marine x2  
  169  16:12  Marine x2  
  172  16:24  Command Center  
  172  16:26  Marine x5  
  172  16:27  Liberator  
  172  16:28  Liberator x2  
  172  16:29  Marine x4  
  181  16:40  Siege Tank  
  181  16:44  Marine x5  
  181  16:46  Orbital Command  
  198  16:47  Marine x3  
  195  16:58  Marine  
  196  17:01  Marine  
  196  17:02  Marine x3  
  177  18:17  Liberator x3  
  172  18:27  Marine x8  
  172  18:32  Marine  
  181  18:35  Siege Tank  
  193  18:45  Marine x7  
  200  18:59  Liberator  
  179  19:03  Marine  
  179  19:06  Marine x8  
  179  19:07  Siege Tank  
  144  19:17  Medivac x2  
  144  19:20  Marine  
  144  19:24  Marine x8  
  136  19:25  Terran Infantry Weapons Level 3  
  136  19:26  Terran Infantry Armor Level 3, Terran Ship Weapons Level 3  
  131  19:38  Marine  
  131  19:39  Siege Tank  
  131  19:41  Marine  
  131  19:42  Marine x7  
  130  19:56  Marine  
  130  19:59  Marine  
  132  20:00  Medivac x2, Marine x7  
  132  20:05  Command Center x2  
  143  20:11  Siege Tank  
  146  20:14  Marine  
  146  20:17  Marine x6  
  146  20:18  Marine x2  
  146  20:19  Medivac  
  157  20:30  Viking, Medivac  
  157  20:32  Marine  
  157  20:35  Marine x3  
  130  20:43  Siege Tank  
  130  20:49  Viking  
  134  20:51  Marine x2  
  134  20:52  Marine x4  
  134  20:53  Marine x3  
  143  21:00  Viking, Medivac  
  143  21:01  Planetary Fortress  
  147  21:06  Refinery x2  
  147  21:09  Marine x6  
  147  21:10  Marine  
  147  21:11  Marine x2  
  152  21:19  Refinery, Medivac  
  152  21:22  Refinery  
  152  21:27  Planetary Fortress, Marine x3  
  152  21:30  Orbital Command, Medivac  
  152  21:31  Ghost Academy x3  
  157  21:33  Ghost Academy  
  157  21:49  Liberator x3  
  156  22:04  Marine x7  
  156  22:05  Siege Tank, Marine x2  
  177  22:22  Marine x9  
  186  22:31  Liberator  
  186  22:40  Marine x5  
  181  23:11  Marine  
  181  23:12  Marine x8  
  188  23:13  Siege Tank, Orbital Command  
  191  23:29  Marine x2  
  191  23:30  Marine x7  
  197  23:45  Siege Tank  
  197  23:47  Marine x2  
  176  23:58  Liberator  
  159  24:14  Marine x9  
  165  24:32  Marine x7  
  165  24:34  SCV x2  
  165  24:35  SCV  
  162  25:16  Marine x9  
  162  25:17  Medivac x2  
  175  25:25  Building Armor  
  175  25:33  Marine  
  175  25:34  Marine x6  
  182  25:40  Marine x2  
  183  25:51  Marine  
  183  25:52  Marine x6  
  190  25:57  Marine  
  190  25:58  Marine  
  192  26:06  SCV  
  192  26:09  Marine x4  
  192  26:10  Marine x3  
  197  26:15  Marine  
  197  26:16  Marine  
  191  26:27  Marine x7  
  195  26:33  Marine x2  
  197  26:45  Marine x3  
  200  26:51  Terran Vehicle Weapons Level 1  
  200  27:05  Marine  
  196  27:16  Marine x4  
  200  27:43  Marine x3  
  200  27:52  Orbital Command  
  179  28:16  Marine x9  
  179  28:17  Siege Tank, Medivac  
  193  28:34  Marine x6  
  177  28:52  Marine  
  177  28:53  Marine x8  
  163  29:10  Marine x6  
  163  29:11  Marine x3  
  161  29:28  Marine x8  
  161  29:29  Marine  
  163  29:46  Marine x4  
  165  30:26  Marine x9  
  160  30:44  Marine x9  
  165  31:02  Marine x7  
  165  31:03  Marine  
  150  31:20  Orbital Command  
  132  31:26  Marine x3  
  133  31:55  Refinery  
  131  32:43  Marine  
  131  32:44  Marine x8  
  128  32:52  Siege Tank  
  128  32:53  Medivac  
  113  33:01  Marine  
  113  33:02  Marine x8  
  122  33:18  Marine  
  122  33:20  Marine x8  
  130  33:36  Marine  
  130  33:37  Marine  
  130  33:38  Marine  
Show
View Real Time Build Order
Export as new Build Order

Angora Terran 

Build Orders: Bio Tank 

Get SALT Encoding   

  12  0:01  SCV  
  13  0:13  SCV  
  14  0:18  Supply Depot  
  14  0:25  SCV  
  15  0:40  SCV  
  15  0:41  Barracks  
  16  0:44  Refinery  
  16  0:52  SCV  
  17  1:04  SCV  
  18  1:18  SCV  
  19  1:35  Orbital Command  
  19  1:36  Marine  
  20  1:43  Command Center  
  20  1:58  Marine  
  21  2:01  Factory  
  21  2:02  SCV  
  22  2:10  Supply Depot  
  21  2:19  Barracks Reactor  
  21  2:22  SCV  
  22  2:31  Refinery  
  22  2:34  SCV  
  22  2:35  Barracks  
  23  2:47  Factory Tech Lab  
  23  2:52  SCV  
  23  2:56  Marine x2  
  23  2:57  Orbital Command  
  26  3:04  SCV  
  27  3:06  Starport  
  27  3:13  Marine  
  27  3:15  Marine  
  27  3:18  SCV  
  30  3:23  Siege Tank  
  33  3:27  Barracks Tech Lab  
  33  3:30  SCV  
  33  3:32  SCV  
  35  3:34  Marine  
  36  3:42  SCV  
  36  3:45  Engineering Bay  
  37  3:51  Viking  
  37  3:53  SCV  
  37  3:54  SCV  
  41  3:57  Marine  
  42  4:02  Combat Shields  
  42  4:05  SCV  
  42  4:08  SCV  
  44  4:10  Supply Depot, Marine  
  44  4:15  Missile Turret  
  45  4:17  Missile Turret  
  45  4:22  Marine  
  46  4:26  Starport Reactor  
  46  4:28  Missile Turret  
  46  4:31  Marine  
  46  4:32  SCV  
  46  4:35  Supply Depot  
  46  4:36  Supply Depot  
  48  4:43  SCV  
  47  4:48  Marine x2  
  47  4:50  SCV  
  48  4:53  Siege Tank  
  48  4:55  SCV  
  52  5:02  SCV  
  52  5:07  Supply Depot  
  52  5:08  Marine x2  
  52  5:18  SCV  
  52  5:19  Marine  
  52  5:20  SCV, Medivac  
  56  5:25  Siege Tank  
  56  5:26  Marine  
  60  5:29  Barracks  
  60  5:33  Stimpack  
  60  5:37  SCV  
  60  5:38  SCV  
  62  5:44  Marine x2  
  62  5:47  Terran Infantry Weapons Level 1  
  62  5:49  SCV  
  64  5:52  Supply Depot  
  64  5:55  Refinery  
  64  5:56  Refinery, Marine  
  65  6:00  SCV  
  65  6:02  Marine  
  67  6:08  SCV  
  67  6:18  Marine  
  67  6:21  SCV  
  67  6:22  Barracks Reactor, Siege Tank  
  67  6:24  Command Center, SCV  
  73  6:32  Supply Depot  
  73  6:33  SCV  
  73  6:35  Marine  
  73  6:36  SCV, Marine  
  77  6:44  Factory, Medivac  
  77  6:45  SCV  
  80  6:49  SCV  
  80  6:50  Supply Depot  
  81  6:55  Marine x2  
  81  6:58  SCV  
  84  7:04  Barracks  
  84  7:08  Barracks  
  84  7:10  SCV  
  85  7:17  Armory, SCV  
  85  7:18  Marine x2  
  88  7:25  SCV  
  89  7:31  SCV  
  89  7:36  Marine x4  
  89  7:37  Siege Tank, Marine  
  92  7:38  Medivac  
  98  7:50  SCV  
  99  7:56  SCV  
  100  7:58  Marine  
  100  7:59  Factory Tech Lab, Marine x3  
  100  8:02  Barracks Reactor x2  
  100  8:05  Terran Infantry Armor Level 1  
  104  8:06  SCV  
  104  8:07  Engineering Bay  
  104  8:08  Planetary Fortress  
  105  8:13  Missile Turret  
  105  8:18  Marine x4  
  108  8:23  SCV  
  109  8:39  Marine x2  
  109  8:40  Marine x7  
  115  8:45  Supply Depot  
  115  8:52  Medivac  
  117  8:56  Siege Tank  
  117  8:59  Siege Tank  
  117  9:01  SCV, Marine x4  
  117  9:06  Medivac, Marine x5  
  117  9:09  Supply Depot  
  124  9:12  SCV  
  125  9:17  SCV  
  125  9:20  Marine  
  125  9:21  Marine  
  125  9:26  SCV  
  125  9:27  Marine, Medivac  
  125  9:28  Marine x2  
  123  9:32  SCV  
  123  9:33  Marine  
  123  9:34  Marine x3  
  123  9:37  SCV, Marine  
  110  9:39  Marine  
  110  9:40  SCV  
  110  9:45  Marine  
  104  9:46  Marine x2  
  102  9:53  Marine  
  102  9:54  Marine x2  
  102  9:56  Marine x3  
  102  9:57  Siege Tank  
  102  9:59  SCV  
  110  10:03  Siege Tank, Barracks, Marine  
  110  10:04  Barracks, Marine x2  
  116  10:07  Terran Infantry Weapons Level 2  
  116  10:11  Marine  
  116  10:12  Terran Infantry Armor Level 2  
  117  10:16  Medivac, Marauder  
  117  10:18  SCV  
  122  10:26  SCV, Marine x2  
  122  10:27  Marine x4  
  129  10:34  Marine  
  129  10:35  Marine  
  131  10:37  Marine  
  132  10:44  SCV  
  133  10:57  Missile Turret  
  133  10:58  Missile Turret  
  133  11:02  Supply Depot  
  133  11:09  Marine x8  
  141  11:18  Marine  
  141  11:20  SCV  
  141  11:22  SCV  
  141  11:25  Command Center  
  144  11:27  SCV, Marine  
  142  11:33  SCV  
  142  11:35  Marine x2  
  142  11:37  SCV  
  121  11:41  Marine x5  
  121  11:42  Siege Tank  
  121  11:44  SCV  
  130  11:48  Marine x2  
  130  11:53  Marine x2  
  137  11:57  Terran Vehicle Weapons Level 1  
  134  12:06  Refinery x2  
  134  12:07  Supply Depot, Sensor Tower  
  134  12:10  Marine  
  134  12:11  Marine x6  
  134  12:12  Marine  
  134  12:13  SCV  
  134  12:14  Barracks Reactor  
  134  12:15  Barracks Reactor, Siege Tank  
  146  12:22  Marine  
  147  12:24  Factory  
  147  12:25  SCV  
  147  12:27  SCV  
  147  12:28  Marine  
  150  12:32  Marine x5  
  150  12:36  Planetary Fortress  
  155  12:47  Sensor Tower, Marine x4  
  155  12:50  SCV  
  160  12:51  Marine x2  
  160  12:55  SCV  
  160  12:57  Marine x2  
  160  12:58  Marine x2  
  164  12:59  SCV  
  164  13:01  Marine x3  
  164  13:02  SCV  
  164  13:04  Marine x2  
  164  13:05  Marine x2  
  173  13:06  Medivac x2  
  173  13:08  SCV  
  173  13:09  Marine x2  
  180  13:14  SCV  
  180  13:15  Marine x2  
  180  13:20  Marine  
  180  13:21  SCV, Marine  
  180  13:22  Marine x3  
  180  13:25  Marine x3  
  180  13:26  Marine  
  180  13:27  Marine  
  179  13:28  Marine  
  177  13:36  SCV  
  177  13:37  Missile Turret  
  177  13:38  Sensor Tower, Marine x2  
  180  13:48  Marine x2  
  180  13:49  SCV  
  180  13:50  Marine  
  180  13:55  Marine x2  
  180  13:56  SCV, Marine  
  180  14:16  Supply Depot  
  180  14:17  SCV x2, Refinery, Marine x6  
  188  14:25  SCV x2, Marine x4  
  188  14:26  Marine x2  
  188  14:28  Marine  
  186  14:31  Siege Tank  
  186  14:35  Marine x6  
  166  14:38  Siege Tank  
  166  14:40  Terran Infantry Weapons Level 3  
  166  14:43  Marine x4  
  166  14:44  Marine  
  173  14:48  Factory Tech Lab  
  172  14:53  SCV  
  172  14:58  Marine x2  
  175  15:01  Terran Infantry Armor Level 3  
  175  15:03  Siege Tank  
  178  15:10  Siege Tank x2  
  178  15:11  SCV  
  178  15:12  Command Center  
  178  15:13  SCV  
  186  15:15  Refinery  
  186  15:17  Barracks  
  186  15:18  Barracks x2  
  186  15:19  Marine  
  186  15:20  Marine x3  
  190  15:23  Marine x2  
  192  15:30  Starport  
  192  15:31  Marine x3  
  192  15:35  Marine  
  196  15:41  Supply Depot  
  196  15:54  SCV  
  196  15:55  Marine x2  
  196  15:56  SCV, Marine x3  
  196  15:57  Medivac, Marine x3  
  196  15:59  Siege Tank, Marine x2  
  196  16:00  Siege Tank  
  196  16:01  Marine x3  
  153  16:13  Marine x2  
  153  16:14  Marine x3  
  153  16:15  Marine x3  
  153  16:16  Barracks Reactor x2, Marine  
  162  16:21  Barracks Reactor  
  162  16:22  Marine x3  
  162  16:23  Marine  
  165  16:26  Medivac  
  165  16:27  Medivac  
  165  16:29  Terran Vehicle Weapons Level 2  
  165  16:31  Marine x3  
  172  16:36  Starport  
  172  16:40  Marine x3  
  172  16:41  SCV  
  176  16:48  SCV  
  177  16:54  Marine x2  
  177  17:00  Medivac  
  177  17:01  Marine x5  
  181  17:06  Marine  
  181  17:07  Medivac, Marine x5  
  188  17:09  SCV, Marine  
  188  17:14  Marine x2  
  188  17:15  Marine x4  
  191  17:16  SCV  
  191  17:22  Marine x2  
  192  17:24  Marine x3  
  192  17:25  Marine x3  
  192  17:27  Starport Reactor  
  192  17:29  Factory Tech Lab  
  199  17:31  Planetary Fortress  
  198  17:37  SCV  
  196  17:51  Marine  
  196  17:52  Marine  
  173  17:59  Marine x2  
  173  18:00  Marine  
  173  18:01  SCV  
  173  18:02  Marine x5  
  174  18:06  Marine x5  
  174  18:07  Siege Tank  
  180  18:32  Marine  
  180  18:33  Marine x2  
  180  18:34  Marine x3  
  180  18:35  Marine  
  180  18:36  Marine  
  180  18:37  SCV  
  180  18:47  Factory Tech Lab  
  180  18:48  Factory Tech Lab  
  180  18:57  SCV, Marine  
  180  18:58  Marine  
  180  18:59  SCV, Siege Tank  
  169  19:04  Marine x3  
  169  19:06  SCV, Marine x2  
  169  19:07  Marine x2  
  169  19:09  SCV  
  173  19:15  SCV  
  149  19:19  Marine x6  
  149  19:21  SCV  
  149  19:22  Marine x3  
  149  19:23  SCV  
  152  19:27  SCV, Siege Tank  
  152  19:31  Siege Tank  
  152  19:32  Marine x3  
  152  19:33  SCV  
  152  19:34  Marine x3  
  152  19:37  Command Center  
  152  19:38  SCV  
  159  19:44  Marine  
  159  19:45  Marine x4  
  135  19:46  Marine  
  135  19:47  Marine x4  
  135  19:48  Siege Tank  
  135  19:50  Marine x2  
  145  20:04  Marine x3  
  145  20:05  Siege Tank  
  151  20:08  Marine x2  
  151  20:10  Marine x2  
  151  20:11  SCV  
  151  20:12  Marine x4  
  160  20:19  Starport Reactor  
  160  20:20  Siege Tank  
  163  20:22  Command Center, SCV  
  163  20:24  Marine x2  
  163  20:25  Marine  
  164  20:29  SCV  
  164  20:31  SCV  
  164  20:32  Marine  
  164  20:33  Marine  
  164  20:34  SCV  
  144  20:39  Marine x3  
  144  20:41  SCV  
  140  20:46  Marine x3  
  140  20:47  Marine x7  
  140  20:48  Marine  
  149  20:50  Marine x2  
  149  20:53  Planetary Fortress  
  149  20:56  Missile Turret  
  149  20:57  Marine x3  
  154  21:04  Marine x4  
  154  21:05  Marine x2  
  154  21:08  Marine x4  
  154  21:09  Marine x2  
  166  21:15  Marine x3  
  166  21:16  Marine  
  170  21:22  Marine x3  
  170  21:23  Marine x2  
  170  21:24  Siege Tank, Marine  
  179  21:26  Marine  
  179  21:27  Marine  
  179  21:28  Marine  
  179  21:31  Marine x2  
  179  21:32  Marine  
  185  21:33  Marine x2  
  185  21:36  Planetary Fortress  
  186  21:40  Siege Tank x2  
  186  21:41  Medivac x2  
  186  21:44  Medivac  
  198  21:47  Marine  
  198  21:49  Marine  
  200  22:00  Marine  
  200  22:01  Refinery  
  200  22:06  Marine  
  198  22:10  Marine x3  
  198  22:15  Command Center, Refinery  
  198  22:34  Marine x3  
  199  22:39  Marine x2  
  200  22:58  Marine  
  190  23:02  SCV, Marine  
  190  23:03  Marine x3  
  195  23:15  Supply Depot  
  195  23:16  Command Center, Supply Depot  
  195  23:21  Command Center  
  195  23:24  Supply Depot  
  195  23:27  Marine x5  
  195  23:32  Barracks  
  200  23:45  Marine x2  
  200  23:48  SCV x2  
  200  23:50  Marine x3  
  200  23:51  Marine x2  
  191  23:57  Marine x2  
  191  24:01  Marine x4  
  191  24:02  Siege Tank  
  198  24:09  SCV  
  189  24:13  Marine x4  
  189  24:14  Marine x6  
  189  24:15  Marine x2  
  187  24:17  Thor x2  
  187  24:21  Marine  
  200  24:29  Orbital Command  
  200  24:31  Refinery  
  200  24:33  Refinery  
  200  24:35  Refinery  
  200  24:37  Refinery  
  199  24:57  Marine  
  196  25:21  Barracks x3  
  196  25:22  Factory  
  196  25:24  Marine x3  
  196  25:25  Barracks x2, Marine  
  196  25:27  Planetary Fortress  
  199  25:39  Command Center  
  199  25:40  Refinery  
  197  25:43  Refinery  
  197  25:47  Marine x4  
  197  25:48  Marine  
  198  25:51  Marine x2  
  198  25:52  Marine x2  
  198  25:56  Marine  
  175  25:57  Marine x3  
  175  25:58  Marine x2  
  175  25:59  Marine  
  180  26:05  Marine x3  
  180  26:06  Siege Tank  
  180  26:07  Siege Tank  
  180  26:08  Factory Tech Lab  
  180  26:09  Barracks Reactor, Marine x2  
  180  26:10  Barracks Reactor, Marine  
  192  26:14  Marine  
  192  26:15  Marine x2  
  191  26:19  Marine x3  
  191  26:22  SCV  
  191  26:24  Marine x2  
  191  26:25  Marine x3  
  192  26:28  Marine  
  192  26:29  SCV, Marine  
  192  26:30  Marine x2  
  197  26:40  Medivac  
  199  26:48  Orbital Command  
  199  26:54  Marine x2  
  195  27:05  SCV  
  195  27:07  Siege Tank x2  
  199  27:18  Marine  
  199  27:38  Marine x2  
  199  27:39  Marine x7  
  199  27:40  Marine x2  
  199  27:41  Marine  
  199  27:42  Marine  
  184  27:55  SCV  
  182  27:59  Marine x2  
  182  28:00  Marine x3  
  187  28:11  Missile Turret  
  179  28:30  Marine x3  
  179  28:31  Marine x9  
  156  28:44  Marine x3  
  156  28:45  Marine x2  
  156  28:46  SCV x2, Medivac, Siege Tank, Marine x2  
  156  28:48  SCV, Medivac, Marine x3  
  152  28:49  Marine  
  152  28:50  Medivac, Marine  
  152  28:52  SCV  
  152  28:54  Siege Tank, Marine  
  152  28:55  Marine x2  
  154  29:03  Marine  
  154  29:04  Marine x3  
  154  29:09  Command Center  
  142  29:13  Marine  
  142  29:14  Marine  
  142  29:15  Marine  
  142  29:16  Medivac  
  130  29:17  Marine  
  130  29:18  Medivac  
  130  29:23  SCV  
  133  29:28  Marine  
  116  29:41  SCV  
  116  29:42  Marine x3  
  119  29:48  Marine  
  115  29:53  SCV  
  100  30:28  Orbital Command  
  96  30:57  SCV  
  96  31:20  SCV, Orbital Command  
  96  31:30  Marine x2  
  96  31:31  Marine x5  
  96  31:32  SCV  
  103  31:35  SCV  
  104  31:42  Marine  
  104  31:44  SCV  
  106  31:56  Marine  
  106  31:57  Marine x2  
  109  32:02  SCV  
  110  32:13  Orbital Command  
  110  32:17  SCV  
  110  32:20  Marine  
  110  32:21  Marine x3  
  109  32:40  Marine x3  
  98  32:47  Marine  
  93  33:21  Marine  
Tags
 
Add a new tag
Caveats
  • Supply blocks, unpowered buildings, or Contaminate may cause inaccurate times.
  • Supply counts are checked every 10 seconds.